 Dungeon Crawl Stone Soup version 0.27-a0-13-g87abb2d9eb (webtiles) character file.

Game seed: 8716654499060397887

54 sanka the Sneak (level 3, 0/24 HPs)
             Began as a Spriggan Enchanter on Jan 2, 2021.
             Slain by an adder (5 damage)
             ... on level 2 of the Dungeon.
             The game lasted 00:03:57 (2247 turns).

sanka the Sneak (Spriggan Enchanter)                Turns: 2247, Time: 00:04:02

Health: 0/24       AC:  0    Str:  4    XL:     3   Next: 66%
Magic:  8/8        EV: 18    Int: 16    God:
Gold:   75         SH:  0    Dex: 17    Spells: 1/7 levels left

rFire    . . .     SeeInvis +   a - +1 dagger
rCold    . . .     Faith    .   (shield restricted)
rNeg     . . .     Spirit   .   i - -2 robe (curse)
rPois    .         Reflect  .   (helmet restricted)
rElec    .         Harm     .   (no cloak)
rCorr    +         Rampage  .   (gloves unavailable)
Will     +....                  (boots unavailable)
Stlth    ..........             (no amulet)
HPRegen  0.08/turn              d - ring of resist corrosion
MPRegen  0.11/turn              h - ring of willpower

@: berserking, lethally poisoned (0 -> -12), very quick
A: very small, unfitting armour, see invisible, speed 3
a: no special abilities


You were on level 2 of the Dungeon.
You visited 1 branch of the dungeon, and saw 2 of its levels.

You collected 75 gold pieces.


Innate Abilities, Weirdness & Mutations

You are very small and have problems with some larger weapons.
You are too small for most types of armour.
You have supernaturally acute eyesight. (SInv)
You cover ground extremely quickly.


   Skills:
 - Level 1.1 Short Blades
 - Level 3.0 Dodging
 + Level 7.2 Stealth
 - Level 2.6 Spellcasting
 - Level 3.6 Hexes


You had one spell level left.
You knew the following spells:

 Your Spells              Type           Power        Failure   Level
z - Ensorcelled Hibernat  Hex/Ice        14%          14%         2
X - Confusing Touch       Hex            13%          13%         3
Z - Corona                Hex            14%          4%          1

Your spell library contained the following spells:

 Spells                   Type           Power        Failure   Level
 Tukima's Dance           Hex            13%          13%         3
 Dazzling Flash           Conj/Hex       14%          28%         3

Inventory:

Hand Weapons
 a - a +1 dagger (weapon)
Armour
 i - a cursed -2 robe (worn)
Jewellery
 d - a ring of resist corrosion (left hand)
 h - a ring of willpower (right hand)
Scrolls
 e - a scroll of teleportation {unknown}
 f - a scroll of random uselessness {unknown}
 g - a scroll of identify {unknown}

Dungeon Overview and Level Annotations

Branches:
Dungeon (2/15)

Altars:
Yredelemnul

▒▒▒..▒.......▒▒▒.▒▒▒
▒▒..▒ .
▒.........▒▒▒▒▒▒'▒▒
▒...▒ ..†▒......▒
▒▒...▒▒ ▒▒.▒.▒
........(.▒ ▒^.^..▒
▒..▒.▒ ..........▒
▒▒.^^▒▒ ▒?▒▒.▒
.▒▒........
▒.._^.▒▒▒.▒ .▒
▒▒▒▒▒▒▒▒▒▒▒
▒▒▒▒▒▒▒▒..▒ .▒
......▒ ▒▒▒▒▒▒▒▒▒£▒▒
.▒ ▒▒▒▒▒..▒
▒...iSKgg.▒ ▒
▒▒▒.▒▒▒▒.▒▒ ▒ ▒.▒
▒(▒ ▒ ▒.▒ ▒.gS..?..▒
▒ ▒.▒ ▒...K▒▒▒g▒ ▒
..▒ ▒....g£ ▒▒▒▒▒
..▒ ▒....▒.[ .....
▒▒▒ ▒....▒▒▒.. ▒▒▒▒▒
▒▒▒... .


You could see an adder, a hobgoblin, a goblin and a kobold.


Message History

You see here a stone.
You hit the giant cockroach.
The giant cockroach is moderately wounded.
The giant cockroach bites you.
You hit the giant cockroach.
The giant cockroach is severely wounded.
The giant cockroach closely misses you.
You hit the giant cockroach but do no damage.
The giant cockroach is heavily wounded.
The giant cockroach waves its antennae.
The giant cockroach closely misses you.
You hit the giant cockroach.
You kill the giant cockroach!
You closely miss the adder. The adder bites you.
You are poisoned.
The adder poisons you! The adder bites you.
* * * LOW HITPOINT WARNING * * *
You are more poisoned.
The adder poisons you!
Unknown command.
It was a potion of berserk rage.
A red film seems to cover your vision as you go berserk!
You feel yourself moving faster!
You feel mighty!
* * * LOW HITPOINT WARNING * * *
You feel sick. The adder bites you.
You die...

Action                   || total
-------------------------++-------
Melee: Dagger            ||   139
 Cast: Corona            ||     8
       Ensorcelled Hiber ||    32
  Use: Potion            ||     1
 Stab: Sleeping          ||    28
       Distracted        ||     1
Armor: Robe              ||    13
Dodge: Dodged            ||   111

Levels and vault maps discovered:
D:1:      ncdulo_watergridlock, layout_basic
D:2:      layout_rooms, yredelemnul_forgotten_temple_becter, minmay_tetromino_l2

Notes
Turn   | Place    | Note
-------+----------+-------------------------------------------
     0 | D:1      | sanka the Spriggan Enchanter began the quest for the Orb.
     0 | D:1      | Reached XP level 1. HP: 9/9 MP: 5/5
   172 | D:1      | Reached skill level 5 in Stealth
   282 | D:1      | Reached XP level 2. HP: 7/13 MP: 4/6
   313 | D:1      | Learned a level 2 spell: Ensorcelled Hibernation
   902 | D:1      | Reached skill level 6 in Stealth
  1339 | D:1      | Reached XP level 3. HP: 16/16 MP: 2/8
  1987 | D:2      | Reached skill level 7 in Stealth
  2091 | D:2      | Found a basalt altar of Yredelemnul.
  2173 | D:2      | Learned a level 3 spell: Confusing Touch
  2247 | D:2      | Slain by an adder

Vanquished Creatures
  2 dart slugs
  A leopard gecko (D:1)
  3 giant cockroaches
  7 goblins
  8 hobgoblins
  4 jackals (D:1)
  4 kobolds
  6 bats
  3 frilled lizards
  4 rats
  A spectral orc (D:2)
43 creatures vanquished.
